 Dungeon Crawl Stone Soup version 0.28-a0-1159-g27aa881441 (webtiles) character file.

Game seed: 2280809210879874214

80 avis the Insei (level 4, -2/30 HPs)
             Began as an Octopode Transmuter on Dec 16, 2021.
             Slain by Eustachio (10 damage)
             ... on level 4 of the Dungeon.
             The game lasted 00:11:06 (3842 turns).

avis the Insei (Octopode Transmuter)                Turns: 3842, Time: 00:11:08

Health: -2/30      AC:  1    Str: 11    XL:     4   Next: 39%
Magic:  5/7        EV: 13    Int: 15    God:
Gold:   139        SH:  0    Dex: 12    Spells: 3/7 levels left

rFire   . . .      SeeInvis .   a - staff of poison
rCold   . . .      Faith    .   (no shield)
rNeg    . . .      Spirit   .   (helmet restricted)
rPois   +          Reflect  .   (no amulet)
rElec   .          Harm     .   (no ring)
rCorr   .          Rampage  .   (no ring)
Will    .....                   (no ring)
Stlth   ++........              (no ring)
HPRegen 0.10/turn               (no ring)
MPRegen 0.10/turn               (no ring)
                                (no ring)
                                (no ring)

@: no status effects
A: almost no armour, amphibious, 8 rings, camouflage 1, gelatinous body 1,
(nimble swimmer 1), tentacles
a: no special abilities


You were on level 4 of the Dungeon.
You visited 1 branch of the dungeon, and saw 4 of its levels.

You collected 139 gold pieces.

Inventory:

Hand Weapons
 e - a +1 dagger of speed
 u - a +0 fustibalus
Missiles
 c - 144 stones
 g - 20 bolts
 k - 41 sling bullets
 o - 43 arrows
Magical Staves
 a - a staff of poison (weapon)
 p - a staff of cold
Jewellery
 q - a ring of ice
Wands
 s - a wand of flame (15)
 t - a wand of paralysis (7)
Scrolls
 b - a scroll of vulnerability {unknown}
 f - 4 scrolls of identify {unknown}
 h - 2 scrolls of teleportation {unknown}
 m - a scroll of acquirement {unknown}
Potions
 d - a potion of heal wounds {unknown}
 i - a potion of curing {unknown}
 j - a potion of invisibility {unknown}
 l - 2 potions of brilliance {unknown}
 n - 2 potions of flight {unknown}
 r - a potion of might {unknown}


   Skills:
 * Level 2.4 Fighting
 - Level 2.0 Dodging
 - Level 4.0 Unarmed Combat
 - Level 2.0 Spellcasting
 - Level 2.0 Transmutations
 - Level 2.0 Poison Magic


You had 3 spell levels left.
You knew the following spells:

 Your Spells              Type           Power      Damage    Failure   Level
a - Beastly Appendage     Tmut           14%        N/A       10%         1
p - Spider Form           Tmut/Pois      11%        N/A       28%         3

Your spell library contained the following spells:

 Spells                   Type           Power      Damage    Failure   Level
 Sting                    Tmut/Pois      44%        1d5       10%         1
 Wereblood                Tmut           7%         N/A       14%         2
 Poisonous Vapours        Pois/Air       12%        N/A       22%         2
 Olgreb's Toxic Radiance  Pois           11%        N/A       67%         4
 Ice Form                 Ice/Tmut       4%         N/A       82%         4


Dungeon Overview and Level Annotations

Branches:
Dungeon (4/15)
 Temple: D:4-7

Altars:

Annotations:
D:4 Eustachio


Innate Abilities, Weirdness & Mutations

You cannot wear most types of armour.
You are amphibious.
You can wear up to eight rings at the same time.
Your skin changes colour to match your surroundings (Stealth+).
Your rubbery body absorbs attacks. (AC +1, EV +1)
((You are camouflaged near water. (Stealth+)))
You have tentacles for arms and can constrict up to eight enemies at once.


Message History

Eustachio is lightly wounded.
Eustachio hits you but does no damage.
You barely miss Eustachio.
Eustachio is lightly wounded.
Eustachio misses you.
You barely miss Eustachio.
Eustachio is moderately wounded.
Eustachio barely misses you. The endoplasm completely misses you.
You hit Eustachio but do no damage.
Eustachio looks as sick as possible!
Eustachio is moderately wounded.
Eustachio barely misses you. The endoplasm freezes you.
You are frozen.
You hit Eustachio.
Eustachio looks as sick as possible!
Eustachio is heavily wounded.
Eustachio mumbles some strange words.
The endoplasm completely misses you.
You bite Eustachio!
Eustachio looks as sick as possible!
Eustachio is severely wounded.
Eustachio barely misses you. The endoplasm freezes you.
You are frozen.
You hit the endoplasm.
The endoplasm is moderately wounded.
Eustachio hits you with a +0 rapier! The endoplasm freezes you.
You are frozen.
You hit the endoplasm.
You kill the endoplasm!
The white imp puffs mist at you. The white imp hits you.
The white imp freezes you.
* * * LOW HITPOINT WARNING * * *
Eustachio casts a spell.
You hit Eustachio.
Eustachio looks as sick as possible!
Eustachio is severely wounded.
Your transformation has ended.
Your staff of poison unmelds from your body.
The bat hits you but does no damage. The white imp barely misses you.
Eustachio hits you with a +0 rapier!
You die...

... #.. .... ..
##.. ... ... ....
..# ... . #.. #.#
#.##. ..#..? #.#
.....#
......####.##......
......b.<..<.......
...#.5@r...#......
.......@...........
....$.....#.....#..
................# #
.##...............
#.............##.
#.............#
#........####.#


You could see Eustachio (extremely poisoned), a river rat (summoned), a white
imp (summoned) and a bat (summoned).

Vanquished Creatures
  An adder (D:3)
  A gnoll (D:2)
  10 ball pythons
  3 bats (D:1)
  5 endoplasms
  7 giant cockroaches
  3 goblins
  A hobgoblin (D:2)
  7 jackals
  6 kobolds
  4 quokkas
  3 rats
51 creatures vanquished.

Notes
Turn   | Place    | Note
-------+----------+-------------------------------------------
     0 | D:1      | avis the Octopode Transmuter began the quest for the Orb.
     0 | D:1      | Reached XP level 1. HP: 13/13 MP: 3/3
   245 | D:1      | Reached XP level 2. HP: 16/18 MP: 5/5
   948 | D:1      | Found a faded altar of an unknown god.
  1591 | D:2      | Reached skill level 4 in Unarmed Combat
  1881 | D:2      | Reached XP level 3. HP: 20/23 MP: 3/6
  1927 | D:2      | Learned a level 3 spell: Spider Form
  2433 | D:2      | Reached skill level 1 in Poison Magic
  2981 | D:3      | Reached XP level 4. HP: 29/29 MP: 5/7
  3825 | D:4      | Noticed Eustachio
  3842 | D:4      | Slain by Eustachio

Illustrated notes

Levels and vault maps discovered:
D:1:      wander_arrival_estate, layout_basic, ebering_ecumenical_altar_rust,
          glass_columns_c
D:2:      minmay_skewed_foursquare, layout_basic, minmay_small_reverse_x
D:3:      layout_loops_ring
D:4:      layout_basic, serial_shops, nicolae_diamond_shop,
          cheibrodos_sewer_entry_bend, uniq_menkaure, uniq_eustachio,
          uniq_sigmund, uniq_blork_the_orc, uniq_natasha

Skill      XL: |  1  2  3  4 |
---------------+-------------+-----
Unarmed Combat | 4 |  4.0
Fighting       | 2 |  2.4
Poison Magic   | 1 2 |  2.0
Dodging        | |  2.0
Spellcasting   | |  2.0
Transmutations | |  2.0

Action                   |  1- 3 |  4- 6 || total
-------------------------+-------+-------++-------
Melee: Unarmed           |    27 |    20 ||    47
       Tentacles         |    21 |     2 ||    23
       Constrict         |    22 |     4 ||    26
       Kick              |    18 |     2 ||    20
       Staff             |    53 |    12 ||    65
       Punch             |     2 |       ||     2
 Cast: Beastly Appendage |    39 |     3 ||    42
       Spider Form       |       |     5 ||     5
 Stab: Sleeping          |     9 |     1 ||    10
Armor: Skin              |     5 |     3 ||     8
Dodge: Dodged            |    45 |    22 ||    67

Table legend: (Time is in decaauts)
 A = Elapsed time spent in this place.
 B = Non-inter-level travel time spent in this place.
 C = Inter-level travel time spent in this place.
 D = Time resting spent in this place.
 E = Time spent auto-exploring this place.
 F = Levels seen in this place.
 G = Mean time per level.
                   A        B        C        D        E       F      G
               +--------+--------+--------+--------+--------+-----+--------+
         Total |   3857 |   3569 |    288 |   1111 |   1807 |   4 |  964.2 |
       Dungeon |   3857 |   3569 |    288 |   1111 |   1807 |   4 |  964.2 |
               +--------+--------+--------+--------+--------+-----+--------+

Top non-repeatable levels by time:
     D:2: 1527 daAuts
     D:1: 1331 daAuts
     D:3: 982 daAuts
     D:4: 15 daAuts
